 Dungeon Crawl Stone Soup version 0.22.1-2-g9c5b331 (webtiles) character file.

31 havocjr2 the Sneak (level 3, -5/20 HPs)
             Began as a Kobold Enchanter on Dec 24, 2018.
             Slain by a worm (10 damage)
             ... on level 2 of the Dungeon.
             The game lasted 00:06:09 (1081 turns).

havocjr2 the Sneak (Kobold Enchanter)               Turns: 1081, Time: 00:06:10

Health: -5/20      AC:  2    Str:  6    XL:     3   Next: 40%
Magic:  6/6        EV: 15    Int: 16    God:
Gold:   34         SH:  0    Dex: 15    Spells: 3/6 levels left

rFire    . . .     SeeInvis .   a - +1 dagger
rCold    . . .     Gourm    .   (shield restricted)
rNeg     . . .     Faith    .   b - +0 robe
rPois    .         Spirit   .   (no helmet)
rElec    .         Reflect  .   (no cloak)
rCorr    .         Harm     .   (no gloves)
MR       .....                  (no boots)
Stlth    ++++......             (no amulet)
HPRegen  0.06/turn              k - ring of stealth (curse)
MPRegen  0.10/turn              (no ring)

@: no status effects
A: small, carnivore
a: no special abilities


You were on level 2 of the Dungeon.
You were completely stuffed.

You visited 1 branch of the dungeon, and saw 2 of its levels.

You collected 34 gold pieces.

Inventory:

Hand Weapons
 a - a +1 dagger (weapon)
Armour
 b - a +0 robe (worn)
Jewellery
 k - a cursed ring of stealth (left hand)
Scrolls
 c - 5 scrolls of remove curse {unknown}
 e - 2 scrolls of identify {unknown}
 j - a scroll of teleportation {unknown}
Potions
 i - a potion of berserk rage {unknown}
 l - a potion of degeneration {unknown}
 m - a potion of heal wounds {unknown}
Comestibles
 d - 4 rations
 n - 2 chunks of flesh


   Skills:
 + Level 1.0 Fighting
 + Level 2.1 Short Blades
 + Level 2.9 Dodging
 + Level 4.4 Stealth
 + Level 2.4 Spellcasting
 + Level 3.1 Hexes


You had 3 spell levels left.
You knew the following spells:

 Your Spells              Type           Power        Failure   Level  Hunger
a - Corona                Hex            ##.....      5%          1    #......
b - Ensorcelled Hibernat  Hex/Ice        #.....       16%         2    ###....

Your spell library contained the following spells:

 Spells                   Type           Power        Failure   Level  Hunger
 Confuse                  Hex            ##......     16%         3    ###....
 Tukima's Dance           Hex            ##......     16%         3    ###....
 Dazzling Spray           Conj/Hex       #.....       30%         3    ###....


Dungeon Overview and Level Annotations

Branches:
Dungeon (2/15)

Altars:
Elyvilon


Innate Abilities, Weirdness & Mutations

You are small and have problems with some larger weapons.
You are carnivorous and can eat meat at any time.


Message History

The worm is severely wounded.
The worm closely misses you.
You barely miss the worm.
The worm is severely wounded.
You hit the worm.
The worm is severely wounded.
The worm misses you.
You hit the worm.
The worm is severely wounded.
You barely miss the worm.
The worm is severely wounded.
The worm bites you.
* * * LOW HITPOINT WARNING * * *
You barely miss the worm.
The worm is severely wounded.
You hit the worm but do no damage.
The worm is severely wounded.
The worm bites you!
Ouch! That really hurt!
You die...

##. #.. #.# #.#
##.## #...# #.w.#
#.@.#
#####...##### #
##...........##...
...........†....#
##...........##.#
#####...#####
##.#.## #.###.#
##.#.##


You could see a worm.

Vanquished Creatures
  2 adders (D:2)
  A leopard gecko (D:1)
  2 bats (D:1)
  A giant cockroach (D:2)
  4 goblins
  A frilled lizard (D:2)
  2 rats
13 creatures vanquished.

Vanquished Creatures (others)
  A quokka (D:2)
  A rat (D:2)
2 creatures vanquished.

Grand Total: 15 creatures vanquished

Notes
Turn   | Place    | Note
-------+----------+-------------------------------------------
     0 | D:1      | havocjr2 the Kobold Enchanter began the quest for the Orb.
     0 | D:1      | Reached XP level 1. HP: 10/10 MP: 3/3
   290 | D:1      | Reached XP level 2. HP: 15/16 MP: 5/5
   546 | D:1      | Learned a level 2 spell: Ensorcelled Hibernation
   745 | D:2      | Found a faded altar of an unknown god.
   808 | D:2      | Reached skill level 1 in Fighting
   808 | D:2      | Reached XP level 3. HP: 5/20 MP: 4/6
   816 | D:2      | HP: 1/20 [poisoned by an adder]
  1029 | D:2      | Found a white marble altar of Elyvilon.
  1081 | D:2      | Slain by a worm

Skill      XL: |  1  2 |
---------------+-------+-----
Fighting       | 1 |  1.0
Short Blades   | 2 |  2.1
Dodging        | |  2.9
Stealth        | |  4.4
Spellcasting   | |  2.4
Hexes          | |  3.1

Action                   || total
-------------------------++-------
Melee: Dagger            ||    51
 Cast: Corona            ||     5
       Ensorcelled Hiber ||     1
  Use: Potion            ||     3
 Stab: Sleeping          ||     6
  Eat: Chunk             ||     9
Armor: Robe              ||     4
Dodge: Dodged            ||    18
